 Dungeon Crawl Stone Soup version 0.20-a0-345-gbfb25ec (webtiles) character file.

12345 Kidiri the Thaumaturge (level 11, -1/62 HPs)
             Began as a Deep Elf Fire Elementalist on Dec 20, 2016.
             Was an Elder of Vehumet.
             Slain by a manticore (4 damage)
             ... on level 11 of the Dungeon on Dec 22, 2016.
             The game lasted 00:52:38 (14087 turns).

Kidiri the Thaumaturge (DEFE)                      Turns: 14087, Time: 00:52:39

Health: -1/62      AC: 15    Str:  8    XL:     11   Next: 61%
Magic:  16/29      EV: 15    Int: 27    God:    Vehumet [****..]
Gold:   592        SH:  0    Dex: 15    Spells: 4/35 levels left

rFire  . . .     SeeInvis .     D - +0 dagger (elec)
rCold  . . .     Gourm    .     E - +1 robe of the Gusle {Str+3}
rNeg   . . .     Faith    .     (no shield)
rPois  .         Spirit   .     M - +1 hat {Int+3}
rElec  .         Reflect  .     h - +0 cloak
rCorr  .         Harm     .     l - +0 pair of gloves
MR     ++...                    u - +1 pair of boots {run}
Stlth  ++........               (no amulet)
                                n - +6 ring of protection
                                g - ring of protection from magic

@: quick
A: no striking features
a: Renounce Religion


You were on level 11 of the Dungeon.
You worshipped Vehumet.
Vehumet was greatly pleased with you.
You were not hungry.

You visited 2 branches of the dungeon, and saw 12 of its levels.

You collected 592 gold pieces.

Inventory:

Hand Weapons
 D - a +0 dagger of electrocution (weapon)
Armour
 h - a +0 cloak (worn)
 l - a +0 pair of gloves (worn)
 u - a +1 pair of boots of running (worn)
 z - a +0 large shield
 B - a +0 shield
 E - the +1 robe of the Gusle (worn) {Str+3}
   (You found it on level 10 of the Dungeon)

   It affects your strength (+3).
 L - the +1 hat of Gallantry {rF+ MR+}
   (You found it on level 10 of the Dungeon)

   It protects you from fire.
   It affects your resistance to hostile enchantments.
 M - a +1 hat of intelligence (worn)
Jewellery
 a - an uncursed ring of protection from magic
 g - a ring of protection from magic (left hand)
 n - a +6 ring of protection (right hand)
Wands
 b - a wand of flame (24/48)
 s - a wand of slowing (28/48)
 v - a wand of slowing (33/48)
 F - a wand of flame (30/48)
 I - a wand of slowing (37/48)
Scrolls
 c - 6 scrolls of teleportation
 i - a scroll of recharging
 k - 3 scrolls of remove curse
 q - a scroll of magic mapping
 t - 2 scrolls of fear
 w - 3 scrolls of identify
 A - a scroll of fog
Potions
 d - a potion of flight
 e - a potion of berserk rage
 j - 2 potions of heal wounds
 m - 5 potions of curing
 o - 3 potions of might
 r - a potion of resistance
 C - 2 potions of lignification
Books
 y - a book of Clouds

   Spells                             Type                      Level
   a - Mephitic Cloud                 Conjuration/Poison/Air       3
   b - Conjure Flame                  Conjuration/Fire             3
   c - Poisonous Cloud                Conjuration/Poison/Air       5
   d - Freezing Cloud                 Conjuration/Ice/Air          6
   e - Ring of Flames                 Charms/Fire                  7
Comestibles
 f - 4 meat rations
 p - 6 bread rations
 x - 8 slices of pizza


   Skills:
 + Level 4.7 Fighting
 + Level 5.4 Short Blades
 + Level 4.8 Armour
 + Level 4.7 Dodging
 - Level 2.4 Stealth
 + Level 2.7 Shields
 * Level 12.8 Spellcasting
 + Level 7.6 Conjurations
 + Level 8.7 Fire Magic
 + Level 2.0 Air Magic
 + Level 2.5 Earth Magic
 + Level 2.8 Poison Magic
 + Level 2.0 Evocations


You had 4 spell levels left.
You knew the following spells:

 Your Spells              Type           Power        Failure   Level  Hunger
a - Flame Tongue          Conj/Fire      #####        1%          1    None
b - Throw Flame           Conj/Fire      ######       1%          2    None
c - Conjure Flame         Conj/Fire      ######..     1%          3    None
d - Inner Flame           Hex/Fire       #####...     1%          3    None
e - Sticky Flame          Conj/Fire      ######..     1%          4    None
f - Fireball              Conj/Fire      ######....   1%          5    ##.....
g - Ring of Flames        Chrm/Fire      #####.....   100%        7    ######.
i - Mephitic Cloud        Conj/Pois/Air  #####...     1%          3    None
j - Stone Arrow           Conj/Erth      #####.       1%          3    None


Dungeon Overview and Level Annotations

Branches:
Dungeon (11/15)            Temple (1/1) D:7             Orc (0/2) D:9
   Lair: D:8-11

Altars:
Ashenzari
Cheibriados
Dithmenos
Elyvilon
Fedhas
Gozag
Hepliaklqana
Kikubaaqudgha
Makhleb
Nemelex Xobeh
Okawaru
Qazlal
Ru
Sif Muna
Trog
Uskayaw
Vehumet
Xom
Yredelemnul
Zin
The Shining One
Beogh

Annotations:
D:10 Fannar


Message History

Casting: Sticky Flame
Confirm with . or Enter, or press ? or * to list all spells.
Aiming: Flame Tongue
Press: ? - help, Shift-Dir - straight line, f/p - manticore
Aim: a manticore (moderately wounded, covered in liquid flames)
The flame tongue hits the manticore.
The manticore is moderately wounded.
The manticore burns!
The manticore barely misses you. The manticore closely misses you.
The manticore misses you.
Casting: Flame Tongue
Confirm with . or Enter, or press ? or * to list all spells.
Aiming: Flame Tongue
Press: ? - help, Shift-Dir - straight line, f/p - manticore
Aim: a manticore (heavily wounded, covered in liquid flames)
The flame tongue hits the manticore.
The manticore is severely wounded.
The manticore burns!
The manticore bites you!
* * * LOW HITPOINT WARNING * * *
The manticore claws you.
You die...

...'.##............#
...#)##............#
...#..'............#
...####............#
...# ###'##########
#+## #...###
###...## ###..######
##..@H..# ######'#
.........#
.........#
.........#
.........#
.....H...#
.........#
.........#


You could see a manticore (burning).

Vanquished Creatures
  Harold (D:10)
  Erica (D:10)
  3 two-headed ogres
  2 deep elf magi (D:10)
  Joseph (D:7)
  A troll (D:10)
  A hippogriff (D:10)
  A hornet (D:6)
  The ghost of sinon the Skirmisher, an amateur OgWz (D:4)
  A yak (D:7)
  3 hogs
  A human (D:7)
  3 hungry ghosts
  Edmund (D:5)
  A swamp drake (D:10)
  6 orc warriors
  4 sky beasts
  2 phantoms (D:6)
  2 ice beasts
  2 black bears
  A necrophage (D:11)
  5 ogres
  4 centaurs
  A big kobold (D:9)
  3 bullfrogs
  2 gnoll sergeants
  2 scorpions (D:5)
  16 wights
  A howler monkey (D:6)
  2 electric eels (D:9)
  2 crimson imps (D:10)
  A bullfrog zombie (D:6)
  3 centaur zombies
  A jelly (D:4)
  A quasit (D:10)
  3 bullfrog skeletons
  5 hounds
  2 centaur skeletons
  6 orc priests
  A gnoll shaman (D:9)
  An iron imp (D:10)
  2 iguanas
  16 orc wizards
  11 worker ants
  2 killer bee zombies
  A worker ant zombie (D:10)
  11 adders
  26 gnolls
  5 shadow imps
  A white imp (D:10)
  2 oozes
  5 worms
  4 leopard geckos
  86 orcs
  7 giant cockroaches
  8 hobgoblins
  16 jackals
  8 kobolds
  3 quokkas
  9 ball pythons
  5 bats
  2 frilled lizards
  4 goblins
  A leopard gecko skeleton (D:4)
  A quokka skeleton (D:4)
  4 rats
  2 butterflies (D:9)
343 creatures vanquished.

Vanquished Creatures (others)
  An adder zombie (D:9)
  An orc (D:10)
  A plant (D:9)
3 creatures vanquished.

Grand Total: 346 creatures vanquished

Notes
Turn   | Place    | Note
-------+----------+-------------------------------------------
     0 | D:1      | Kidiri the Deep Elf Fire Elementalist began the quest for the Orb.
     0 | D:1      | Reached XP level 1. HP: 10/10 MP: 6/6
   520 | D:1      | Upgraded the game from 0.20-a0-315-g8346a86 to 0.20-a0-345-gbfb25ec
   586 | D:1      | Reached XP level 2. HP: 15/15 MP: 5/8
   590 | D:1      | Learned a level 2 spell: Throw Flame
   929 | D:2      | Reached skill level 4 in Spellcasting
   999 | D:2      | Found a hazy altar of Hepliaklqana.
  1057 | D:2      | Reached XP level 3. HP: 19/19 MP: 5/10
  1062 | D:2      | Learned a level 3 spell: Conjure Flame
  1066 | D:2      | Learned a level 3 spell: Inner Flame
  1792 | D:3      | Reached XP level 4. HP: 24/24 MP: 12/12
  2660 | D:4      | Reached skill level 5 in Spellcasting
  2677 | D:4      | Gained mutation: You are partially covered in molten scales. (AC +2) [potion of beneficial mutation]
  2825 | D:4      | Learned a level 4 spell: Sticky Flame
  2853 | D:4      | Reached XP level 5. HP: 20/28 MP: 2/14
  3118 | D:4      | Reached skill level 6 in Spellcasting
  3216 | D:4      | Reached XP level 6. HP: 32/32 MP: 6/17
  3337 | D:4      | Found a shadowy altar of Dithmenos.
  3347 | D:4      | Reached skill level 5 in Fire Magic
  3777 | D:4      | Learned a level 5 spell: Fireball
  3821 | D:4      | Noticed sinon's ghost (amateur OgWz)
  3836 | D:4      | Killed sinon's ghost
  3836 | D:4      | Reached skill level 7 in Spellcasting
  3836 | D:4      | Reached XP level 7. HP: 36/36 MP: 8/19
  4236 | D:5      | Entered Level 5 of the Dungeon
  5061 | D:5      | Reached skill level 1 in Short Blades
  5236 | D:5      | Reached skill level 1 in Fighting
  5249 | D:5      | Noticed Edmund
  5262 | D:5      | Killed Edmund
  5262 | D:5      | Reached skill level 1 in Armour
  5262 | D:5      | Reached skill level 8 in Spellcasting
  5457 | D:5      | Found a white marble altar of Elyvilon.
  5613 | D:5      | Reached XP level 8. HP: 38/43 MP: 12/22
  6466 | D:6      | Reached skill level 9 in Spellcasting
  6766 | D:6      | Reached skill level 5 in Conjurations
  6992 | D:6      | Identified a +1 pair of boots of running (You found it on level 6 of the Dungeon)
  7074 | D:6      | Noticed a hornet
  7089 | D:6      | Killed a hornet
  7510 | D:7      | Reached XP level 9. HP: 49/49 MP: 16/24
  7668 | D:7      | Found a staircase to the Ecumenical Temple.
  7675 | Temple   | Entered the Ecumenical Temple
  7748 | Temple   | Became a worshipper of Vehumet
  7776 | D:7      | Reached skill level 10 in Spellcasting
  8314 | D:7      | Found a blossoming altar of Fedhas.
  8323 | D:7      | Found a shattered altar of Ashenzari.
  8409 | D:7      | Noticed Joseph
  8500 | D:7      | Reached skill level 11 in Spellcasting
  8502 | D:7      | Found a sparkling altar of Nemelex Xobeh.
  9054 | D:7      | Killed Joseph
  9107 | D:6      | Reached * piety under Vehumet
  9107 | D:6      | Offered knowledge of Magic Dart by Vehumet.
  9107 | D:6      | Reached XP level 10. HP: 55/56 MP: 15/27
  9433 | D:8      | Found a glowing silver altar of Zin.
  9656 | D:8      | Found an opulent altar of Gozag.
 10381 | D:9      | Noticed a two-headed ogre
 10397 | D:8      | Killed a two-headed ogre
 10497 | D:9      | Noticed a two-headed ogre
 10510 | D:9      | Killed a two-headed ogre
 10510 | D:9      | Reached skill level 1 in Shields
 10532 | D:9      | Reached skill level 12 in Spellcasting
 10721 | D:9      | Offered knowledge of Sandblast by Vehumet.
 10725 | D:9      | Reached ** piety under Vehumet
 10728 | D:9      | Learned a level 1 spell: Sandblast
 10736 | D:9      | Learned a level 7 spell: Ring of Flames
 10740 | D:9      | Learned a level 3 spell: Mephitic Cloud
 10964 | D:9      | Found a staircase to the Orcish Mines.
 11172 | D:9      | Offered knowledge of Stone Arrow by Vehumet.
 11183 | D:9      | Gained mutation: Scrolls take you a little longer to read. [mutagenic meat]
 11192 | D:9      | Learned a level 3 spell: Stone Arrow
 11269 | D:9      | Reached skill level 5 in Short Blades
 11281 | D:9      | Reached skill level 1 in Poison Magic
 11458 | D:9      | Reached *** piety under Vehumet
 11515 | D:9      | Reached skill level 1 in Air Magic
 11679 | D:9      | Offered knowledge of Throw Icicle by Vehumet.
 11819 | D:9      | Reached XP level 11. HP: 48/61 MP: 22/29
 12065 | D:9      | Found a roughly hewn altar of Beogh.
 12072 | D:9      | Reached skill level 1 in Earth Magic
 12231 | D:10     | Entered Level 10 of the Dungeon
 12295 | D:10     | Noticed Fannar
 12431 | D:10     | Noticed Harold
 12444 | D:10     | Killed Harold
 12444 | D:10     | Reached skill level 1 in Evocations
 12559 | D:10     | Reached **** piety under Vehumet
 12657 | D:10     | Offered knowledge of Static Discharge by Vehumet.
 12880 | D:10     | Noticed a deep elf mage
 12883 | D:10     | Killed a deep elf mage
 12889 | D:10     | Got a dazzling hat
 12893 | D:10     | Noticed a deep elf mage
 12898 | D:10     | Killed a deep elf mage
 12947 | D:10     | Identified the +1 hat of Gallantry {rF+ MR+} (You found it on level 10 of the Dungeon)
 13185 | D:10     | Noticed Erica
 13197 | D:10     | Killed Erica
 13359 | D:10     | Got a slimy robe
 13370 | D:10     | Identified the +1 robe of the Gusle {Str+3} (You found it on level 10 of the Dungeon)
 13385 | D:10     | Noticed a two-headed ogre
 13400 | D:10     | Killed a two-headed ogre
 13781 | D:10     | Lost mutation: Scrolls take you a little longer to read. [potion of cure mutation]
 13781 | D:10     | Lost mutation: You are partially covered in molten scales. (AC +2) [potion of cure mutation]
 14087 | D:11     | HP: 3/62 [manticore (14)]
 14087 | D:11     | Slain by a manticore

Vault maps used:
D:1:      minmay_arrival_radiant_lines
D:2:      overflow_temple_1_default
D:3:      serial_forest, infiniplex_forest_straight_4,
          infiniplex_forest_clump_C, infiniplex_forest_lined_4_way,
          infiniplex_forest_clump_small, infiniplex_forest_zigzag_2,
          infiniplex_forest_clump_curved
D:4:      grunt_dithmenos_smoke_and_mirrors
D:5:      lemuel_crystal_altar, first_bread, uniq_edmund
D:6:      minmay_misc_feat_columns
D:7:      grunt_temple_overflow_open, grunt_livestock,
          nemelex_dance_club_becter, uniq_joseph
D:8:      zin_academy, nicolae_gozag_cash_rules_everything_around_me
D:9:      hiddenorc2_lemuel, serial_bayou, serial_bayou_pond_e,
          serial_bayou_pond_b, serial_bayou_crossing, serial_bayou_pond_a,
          special_room, hangedman_glass_garden
D:10:     hangedman_minor_magic, uniq_harold, uniq_fannar, uniq_erica
D:11:     lair_entry_dummy
Temple:   nicolae_temple_great_sept

Skill      XL: |  1  2  3  4  5  6  7  8  9 10 11 |
---------------+----------------------------------+-----
Spellcasting   | 4 5 6 7 8 9 11 12 | 12.8
Conjurations   | 2 3 4 5 6 7 |  7.6
Fire Magic     | 4 5 6 7 8 |  8.7
Short Blades   | 1 3 4 5 |  5.4
Fighting       | 1 2 3 4 |  4.7
Armour         | 1 2 3 4 |  4.8
Dodging        | 3 4 |  4.7
Shields        | 2 |  2.7
Poison Magic   | 1 2 |  2.8
Air Magic      | 1 2 |  2.0
Earth Magic    | 2 |  2.5
Evocations     | 2 |  2.0
Stealth        | |  2.4

Action                   |  1- 3 |  4- 6 |  7- 9 | 10-12 || total
-------------------------+-------+-------+-------+-------++-------
Melee: Unarmed           |    13 |       |       |       ||    13
       Dagger            |     8 |    35 |    81 |    27 ||   151
 Cast: Flame Tongue      |    64 |    74 |   253 |   345 ||   736
       Throw Flame       |     2 |     6 |    17 |    38 ||    63
       Conjure Flame     |       |     7 |    10 |    14 ||    31
       Inner Flame       |       |     1 |     6 |    11 ||    18
       Sticky Flame      |       |     4 |    21 |    37 ||    62
       Stone Arrow       |       |       |       |     8 ||     8
  Use: Scroll            |     3 |     3 |     6 |     7 ||    19
       Potion            |       |     4 |       |     1 ||     5
 Stab: Sleeping          |     7 |     5 |     6 |     4 ||    22
       Distracted        |       |       |       |     1 ||     1
  Eat: Chunk             |     3 |     3 |    11 |    17 ||    34
       Bread ration      |       |     1 |     1 |       ||     2
       Beef jerky        |       |       |       |     3 ||     3
Armor: Robe              |     6 |    26 |   108 |    84 ||   224
Dodge: Dodged            |    27 |    53 |   164 |   122 ||   366
